 Dungeon Crawl Stone Soup version 0.17-a0-2007-g96ac4c4 (webtiles) character file.

401 Banto the Charmwright (level 6, -3/39 HPs)
             Began as a High Elf Skald on Oct 9, 2015.
             Slain by P0WERM0DE's ghost (13 damage)
             ... on level 5 of the Dungeon.
             The game lasted 00:07:14 (3483 turns).

Banto the Charmwright (High Elf Skald)              Turns: 3483, Time: 00:07:14

Health: -3/39      AC:  8    Str: 11    XL:     6   Next: 54%
Magic:  12/13      EV:  6    Int: 15    God:
Gold:   195        SH:  0    Dex: 18    Spells: 3 memorised, 6 levels left

rFire  x . .     SeeInvis .     a - +1 falchion
rCold  + + .     Clarity  .     s - +2 leather armour {MR+}
rNeg   . . .     SustAt   .     (no shield)
rPois  .         Gourm    .     g - +0 helmet
rElec  .         Spirit   .     f - +0 cloak
rCorr  .         Warding  .     (no gloves)
rMut   .         Stasis   .     j - +0 pair of boots
MR     +....                    h - amulet of rage
Stlth  +.........               w - ring of protection from cold
                                p - ring of ice

@: somewhat resistant to hostile enchantments, very unstealthy
A: no striking features
a: Evoke Berserk Rage


You were on level 5 of the Dungeon.
You were not hungry.

You visited 1 branch of the dungeon, and saw 5 of its levels.

You collected 195 gold pieces.

Inventory:

Hand Weapons
 a - a +1 falchion (weapon)
 q - a +1 short sword of freezing
Missiles
 t - 10 tomahawks (quivered)
Armour
 f - a +0 cloak (worn)
 g - a +0 helmet (worn)
 j - a +0 pair of boots (worn)
 s - a +2 leather armour of magic resistance (worn)
Jewellery
 h - an amulet of rage (around neck)
 p - a ring of ice (left hand)
 w - a ring of protection from cold (right hand)
Wands
 u - a wand of cold (11)
Scrolls
 n - 3 scrolls of remove curse
 o - 2 scrolls of enchant weapon
Potions
 b - a potion of ambrosia {unknown}
 e - a potion of invisibility {unknown}
 m - a potion of resistance {unknown}
 v - a potion of heal wounds {unknown}
 x - a potion of haste {unknown}
 z - a potion of curing
Books
 c - a book of Battle

   Spells                             Type                      Level
   a - Infusion                       Charms                       1
   b - Shroud of Golubria             Charms/Translocation         2
   c - Song of Slaying                Charms                       2
   d - Spectral Weapon                Hexes/Charms                 3
   e - Regeneration                   Charms/Necromancy            3
Comestibles
 d - 3 bread rations
 i - 2 slices of pizza
 k - a meat ration
 l - a chunk of flesh
 r - 2 fruits


   Skills:
 - Level 2.0 Fighting
 * Level 5.4 Long Blades
 - Level 0.8 Armour
 - Level 1.1 Dodging
 - Level 4.1 Spellcasting
 * Level 6.4 Charms


You had 6 spell levels left.
You knew the following spells:

 Your Spells              Type           Power        Failure   Level  Hunger
a - Infusion              Chrm           ###...       1%          1    None
b - Regeneration          Chrm/Necr      ##........   21%         3    ###....
c - Spectral Weapon       Hex/Chrm       ##......     21%         3    ###....


Dungeon Overview and Level Annotations

Branches:
Dungeon (5/15)
 Temple: D:4-7

Altars:
Fedhas
Makhleb
Zin

Annotations:
D:5 P0WERM0DE's ghost, amateur MiMo


Message History

P0WERM0DE's ghost misses you.
You hit P0WERM0DE's ghost but do no damage.
P0WERM0DE's ghost is moderately damaged.
Your spectral weapon barely misses P0WERM0DE's ghost.
P0WERM0DE's ghost hits you but does no damage.
You barely miss P0WERM0DE's ghost.
P0WERM0DE's ghost is moderately damaged.
Your spectral weapon completely misses P0WERM0DE's ghost.
P0WERM0DE's ghost misses you.
You barely miss P0WERM0DE's ghost.
P0WERM0DE's ghost is moderately damaged.
Your spectral weapon hits P0WERM0DE's ghost!
P0WERM0DE's ghost hits you.
You barely miss P0WERM0DE's ghost.
P0WERM0DE's ghost is moderately damaged.
Your spectral weapon misses P0WERM0DE's ghost.
P0WERM0DE's ghost hits you!
* * * LOW HITPOINT WARNING * * *
P0WERM0DE's ghost hits you!
You die...

....# ..... ##...##
...# ......## ...##.#
#....##...?...
#....W.......
##........... .
##...........
....#######......####..
.......@W(......## #
#########......##
########


You could see P0WERM0DE's ghost.

Vanquished Creatures
  A sky beast (D:4)
  A scorpion (D:3)
  A hound (D:4)
  An orc priest (D:4)
  An iguana (D:5)
  A worker ant (D:4)
  4 adders
  2 river rats (D:3)
  2 adder skeletons (D:4)
  A worm (D:2)
  2 giant geckos (D:1)
  9 orcs
  2 giant cockroaches (D:1)
  9 goblins
  8 hobgoblins
  6 jackals
  2 quokkas (D:4)
  2 ball pythons (D:3)
  5 bats
  A giant gecko skeleton (D:4)
  6 giant newts
  6 kobolds
  11 rats
84 creatures vanquished.

Notes
Turn   | Place    | Note
--------------------------------------------------------------
     0 | D:1      | Banto the High Elf Skald began the quest for the Orb.
     0 | D:1      | Reached XP level 1. HP: 14/14 MP: 4/4
   150 | D:1      | Reached XP level 2. HP: 14/19 MP: 0/6
   273 | D:1      | Reached skill level 4 in Charms
   721 | D:2      | Found a blossoming altar of Fedhas.
   895 | D:2      | Reached XP level 3. HP: 22/24 MP: 1/7
  1410 | D:2      | Learned a level 3 spell: Regeneration
  1414 | D:2      | Learned a level 3 spell: Spectral Weapon
  1673 | D:3      | Reached XP level 4. HP: 21/29 MP: 9/9
  1680 | D:3      | Reached skill level 5 in Charms
  2157 | D:3      | Found a burning altar of Makhleb.
  2162 | D:3      | Found a glowing silver altar of Zin.
  2162 | D:3      | Noticed an angel
  2163 | D:3      | Noticed a balrug
  2577 | D:3      | Reached XP level 5. HP: 8/34 MP: 3/11
  2811 | D:4      | Noticed a sky beast
  2836 | D:4      | Killed a sky beast
  2836 | D:4      | Reached skill level 6 in Charms
  2836 | D:4      | Reached XP level 6. HP: 10/39 MP: 10/12
  2841 | D:4      | HP: 2/58 [poisoned by a worker ant]
  2997 | D:4      | Reached skill level 5 in Long Blades
  3317 | D:5      | Entered Level 5 of the Dungeon
  3317 | D:5      | Noticed P0WERM0DE's ghost (amateur MiMo)
  3483 | D:5      | Slain by P0WERM0DE's ghost

Vault maps used:
D:1:      mainiacjoe_arrival_reflecting_pool
D:2:      first_bread, fedhas_altar_1
D:3:      grunt_temple_overflow_order_and_chaos_2, portal_sewer_entry_e
D:5:      slow_altar_1

Action                   |  1- 3 |  4- 6 || total
-------------------------+-------+-------++-------
Melee: Falchion          |   117 |   143 ||   260
       Short sword       |       |    26 ||    26
 Cast: Infusion          |     5 |     3 ||     8
       Spectral Weapon   |     1 |     6 ||     7
       Regeneration      |       |     7 ||     7
 Abil: Evoke Berserk Rag |       |     1 ||     1
  Use: Scroll            |     5 |     1 ||     6
       Potion            |       |     1 ||     1
 Stab: Sleeping          |     1 |     1 ||     2
  Eat: Chunk             |     2 |     9 ||    11
